 Dungeon Crawl Stone Soup version 0.13-a0-3092-g1832de8 (webtiles) character file.

183 PolkaDot the Sneak (level 3, -1/22 HPs)
             Began as a Vampire Wizard on Sept 18, 2013.
             Killed by divine providence
             ... invoked by an orc priest
              (12 damage)
             ... on Level 3 of the Dungeon.
             The game lasted 00:07:42 (1993 turns).

PolkaDot the Sneak (Vampire Wizard)                 Turns: 1993, Time: 00:07:42

HP  -1/22        AC  2     Str  6      XL: 3   Next: 87%
MP  10/10        EV 12     Int 21      God:
Gold 120         SH  0     Dex 12      Spells:  3 memorised,  1 level left

Res.Fire  : . . .   See Invis. : +   l - +0 short sword
Res.Cold  : . . .   Warding    : .   a - +0 robe
Life Prot.: . . .   Conserve   : .   (no shield)
Res.Poison: .       Res.Corr.  : .   b - +0 wizard hat
Res.Elec. : .       Clarity    : .   (no cloak)
Sust.Abil.: . .     Spirit.Shd : .   (no gloves)
Res.Mut.  : .       Stasis     : .   (no boots)
Res.Rott. : .       Flight     : .   (no amulet)
Saprovore : . . .                    (no ring)
                                     (no ring)

@: regenerating quickly, slightly resistant to hostile enchantments, stealthy
A: fangs 3, see invisible, unbreathing
a: no special abilities


You were on level 3 of the Dungeon.
You were full.

You visited 1 branch of the dungeon, and saw 3 of its levels.

You collected 100 gold pieces.

Inventory:

Hand weapons
 l - a +0,+0 short sword (weapon)
Armour
 a - a +0 robe (worn)
 b - a +0 wizard hat (worn)
Scrolls
 e - a scroll of random uselessness {unknown}
 f - 2 scrolls of remove curse {unknown}
 g - 4 scrolls of identify {unknown}
 h - a scroll of curse armour {unknown}
 k - 2 scrolls of fog {unknown}
 m - 2 scrolls of recharging {unknown}
Potions
 d - a potion of blood
Books
 c - a book of Minor Magic

   Spells                             Type                      Level
   *Magic Dart                        Conjuration                  1
   Blink                              Translocation                2
   Call Imp                           Summoning                    2
   Repel Missiles                     Charms/Air                   2
   Slow                               Hexes                        2
   *Conjure Flame                     Conjuration/Fire             3
   *Mephitic Cloud                    Conjuration/Poison/Air       3


   Skills:
 - Level 2.1 Dodging
 - Level 3.0 Stealth
 - Level 0.2 Unarmed Combat
 - Level 3.0 Spellcasting
 * Level 2.7 Conjurations
   Level 1.0 Summonings
   Level 0.7 Translocations


You had one spell level left.
You knew the following spells:

 Your Spells              Type           Power        Failure   Level  Hunger
a - Magic Dart            Conj           ##..         4%          1    None
d - Mephitic Cloud        Conj/Pois/Air  #.......     30%         3    ###....
s - Conjure Flame         Conj/Fire      #.......     24%         3    ###....


Dungeon Overview and Level Annotations

Branches:
Dungeon (3/27)

Altars:
Cheibriados
Okawaru
Trog
Xom
Zin

Annotations:
D:2 Terence


Innate Abilities, Weirdness & Mutations

Your natural rate of healing is unusually fast.
You have razor-sharp teeth.*
You have supernaturally acute eyesight.
You can survive without breathing.*


Message History

Found a chain mail.
Things that are here:
2 darts; an orcish short sword; an orcish leather armour An orc and an orc priest come into view.
The orc priest shouts!
An orc comes into view.
An orc wizard comes into view. It is wielding an orcish dagger.
The orc shouts!
The rat bites you but does no damage.
The orc priest looks braver.
An orc comes into view.
The orc shouts!
The orc priest invokes the aid of Beogh against you.
Something smites you!
Ouch! That really hurt!
The orc wizard shouts!
The orc priest invokes the aid of Beogh against you.
Something smites you!
Ouch! That really hurt!
You die...

...... #oo.. #..<#
#o..# #.o.# # #...#
.# #...# ####.####
#.r.# #........ #.@.#
#.........
#####...####.........
#.......(...........[
#...#...############
#...#.<.# #..)....#
#########..##.#.#
..(...............
#########..##.#.###


You could see an orc priest, an orc wizard, 2 orcs and a rat.

Vanquished Creatures
  An adder (D:2)
  2 giant mites
  An orc (D:3)
  12 bats
  2 giant cockroaches
  3 goblins
  3 hobgoblins
  5 kobolds
  5 giant newts
  2 jackals (D:2)
  6 rats
42 creatures vanquished.

Notes
Turn   | Place    | Note
--------------------------------------------------------------
     0 | D:1      | PolkaDot, the Vampire Wizard, began the quest for the Orb.
     0 | D:1      | Reached XP level 1. HP: 11/11 MP: 6/6
    44 | D:1      | Reached skill level 1 in Conjurations
   335 | D:1      | Reached XP level 2. HP: 17/17 MP: 4/8
  1014 | D:2      | Reached XP level 3. HP: 22/22 MP: 7/10
  1150 | D:2      | Found a shimmering altar of Xom.
  1153 | D:2      | Noticed an angel
  1270 | D:2      | Found a bloodstained altar of Trog.
  1274 | D:2      | Found an iron altar of Okawaru.
  1309 | D:2      | Noticed Terence
  1339 | D:1      | Learned a level 3 spell: Conjure Flame
  1343 | D:1      | Learned a level 3 spell: Mephitic Cloud
  1442 | D:2      | Found a glowing silver altar of Zin.
  1600 | D:2      | Noticed an agate snail
  1709 | D:2      | Found a snail-covered altar of Cheibriados.
  1993 | D:3      | Killed from afar by an orc priest

Action                   || total
-------------------------++-------
Melee: Unarmed           ||     4
       Short sword       ||     5
 Cast: Magic Dart        ||   105
       Mephitic Cloud    ||     2
       Conjure Flame     ||     1
  Use: Potion            ||     2
